 Dungeon Crawl Stone Soup version 0.22.1-1-ga44c0e56f4 (webtiles) character file.

1876 Reeggar the Slasher (level 8, -6/61 HPs)
             Began as a Demonspawn Fighter on Nov 2, 2018.
             Was a Follower of Nemelex Xobeh.
             Killed by divine providence
             ... invoked by an orc priest
              (15 damage)
             ... on level 7 of the Dungeon.
             The game lasted 00:39:49 (8589 turns).

Reeggar the Slasher (Demonspawn Fighter)            Turns: 8589, Time: 00:39:50

Health: -6/61      AC: 11    Str: 20    XL:     8   Next: 91%
Magic:  8/8        EV: 10    Int: 11    God:    Nemelex Xobeh [*.....]
Gold:   434        SH: 11    Dex: 12    Spells: 7/7 levels left

rFire    + . .     SeeInvis .   r - +0 long sword
rCold    . . .     Gourm    +   c - +1 shield
rNeg     . . .     Faith    .   v - +3 ring mail {MR+}
rPois    .         Spirit   .   o - +0 helmet
rElec    .         Reflect  .   (no cloak)
rCorr    .         Harm     .   A - +0 pair of gloves
MR       +....                  (no boots)
Stlth    +.........             m - amulet of the gourmand
HPRegen  0.20/turn              b - +2 ring of intelligence
MPRegen  0.11/turn              D - ring of protection from fire

@: about to teleport
A: hooves 1, powered by pain 2
a: Renounce Religion


You were on level 7 of the Dungeon.
You worshipped Nemelex Xobeh.
Nemelex Xobeh was aware of your devotion.
You were not hungry.

You visited 2 branches of the dungeon, and saw 8 of its levels.
You also visited: Sewer.

You collected 434 gold pieces.

Inventory:

Hand Weapons
 r - a +0 long sword (weapon)
Missiles
 k - 4 tomahawks (quivered)
Armour
 c - a +1 shield (worn)
 o - a +0 helmet (worn)
 v - a +3 ring mail of magic resistance (worn)
 A - a +0 pair of gloves (worn)
 G - a +4 ring mail of magic resistance
Magical Staves
 F - an uncursed staff of cold
Jewellery
 a - a +2 amulet of reflection {unknown}
 b - a +2 ring of intelligence (left hand)
 m - an amulet of the gourmand (around neck)
 D - a ring of protection from fire (right hand)
Scrolls
 j - a scroll of fear
 p - 4 scrolls of remove curse
 t - a scroll of fog
 u - a scroll of immolation
 x - a scroll of enchant weapon {unknown}
 y - a scroll of amnesia {unknown}
 z - 4 scrolls of teleportation
Potions
 e - a potion of degeneration {unknown}
 g - 5 potions of flight
 h - 4 potions of curing {unknown}
 i - a potion of agility {unknown}
 n - a potion of lignification {unknown}
 q - 2 potions of haste {unknown}
 s - a potion of heal wounds
Miscellaneous
 d - a plain deck of destruction {drawn: 2}
 l - a plain deck of destruction {drawn: 4}
 C - a plain deck of destruction
Comestibles
 f - 12 rations
 w - 2 chunks of flesh


   Skills:
 + Level 4.7 Fighting
 + Level 6.2 Long Blades
 * Level 2.8 Throwing
 + Level 5.2 Armour
 + Level 3.0 Dodging
 + Level 0.7 Stealth
 + Level 5.4 Shields
 + Level 0.7 Invocations


You had 7 spell levels left.
You didn't know any spells.
Your spell library contained the following spells:

 Spells                   Type           Power        Failure   Level  Hunger
 Animate Skeleton         Necr           N/A          89%         1    ##.....
 Apportation              Tloc           #.....       89%         1    ##.....
 Confusing Touch          Hex            #.....       89%         1    ##.....
 Summon Small Mammal      Summ           #...         89%         1    ##.....


Dungeon Overview and Level Annotations

Branches:
Dungeon (7/15)             Temple (1/1) D:4

Altars:
Ashenzari
Cheibriados
Elyvilon
Fedhas
Gozag
Kikubaaqudgha
Makhleb
Nemelex Xobeh
Qazlal
Ru
Sif Muna
Trog
Uskayaw
Vehumet
Wu Jian
Xom
Yredelemnul
Zin
The Shining One


Innate Abilities, Weirdness & Mutations

You have large cloven feet.
You sometimes gain power by taking damage.


Message History

The bullfrog misses you.
You riposte.
You closely miss the bullfrog.
The centaur wields an uncursed shortbow.
The centaur shoots an arrow.
You block the arrow.
You see here an arrow.
The orc wizard casts a spell.
The orc wizard seems to speed up.
The orc priest calls down the wrath of Beogh upon you.
Beogh smites you! The bullfrog hits you.
The centaur shoots an arrow.
The arrow hits you but does no damage.
The orc priest mumbles some strange prayers to Beogh against you.
Beogh smites you!
* * * LOW HITPOINT WARNING * * *
You see here an arrow.
The bullfrog misses you.
As you read the scroll of teleportation, it crumbles to dust.
You feel strangely unstable. You block the bullfrog's attack.
The orc priest calls down the wrath of Beogh upon you.
Beogh smites you!
You die...
Your body glows slightly and disappears.

.....(####### ####).....#
.((..(.)....####..........
......####................
......## #.######.........
........##.# #..........
.........#.#####..........
..........................
.....<##..........#.......
########.#......@.........
.........cF.........
...##.....##.##......
..###.........(........ .
..##.#.#.ooo...>...
####.......o..[.....
#..#.#......#.###
...#..o.....# .#.
#......###


You could see a bullfrog, a centaur, 2 orc priests, an orc wizard and 2 orcs.

Vanquished Creatures
  A wraith (D:6)
  An orc warrior (D:6)
  2 ogres
  A necrophage (D:6)
  2 centaurs
  2 bullfrogs (D:6)
  3 crimson imps
  A jelly (D:6)
  4 hounds
  A gnoll shaman (D:4)
  Crazy Yiuf (D:3)
  An iron imp (D:4)
  An orc wizard (D:4)
  An iguana (D:6)
  3 worker ants
  A hound zombie (D:7)
  A hound skeleton (D:6)
  A worker ant zombie (D:6)
  7 gnolls
  13 adders
  3 river rats (Sewer)
  4 oozes
  3 dart slugs
  2 leopard geckos
  24 orcs
  6 giant cockroaches
  6 goblins
  4 hobgoblins
  9 jackals
  8 kobolds
  A quokka (D:7)
  6 ball pythons
  4 bats
  12 frilled lizards
  A leopard gecko skeleton (D:4)
  23 rats
164 creatures vanquished.

Vanquished Creatures (collateral kills)
  An orc wizard (D:6)
  A worker ant (D:6)
  3 orcs (D:6)
  A quokka zombie (D:6)
6 creatures vanquished.

Vanquished Creatures (others)
  Menkaure (D:6)
  A wight (D:6)
  A merfolk siren (Sewer)
  A leopard gecko skeleton (D:6)
  3 rats (Sewer)
7 creatures vanquished.

Grand Total: 177 creatures vanquished

Notes
Turn   | Place    | Note
-------+----------+-------------------------------------------
     0 | D:1      | Reeggar the Demonspawn Fighter began the quest for the Orb.
     0 | D:1      | Reached XP level 1. HP: 18/18 MP: 1/1
   381 | D:1      | Gained mutation: You sometimes gain a little power by
                  | taking damage. [demonic ancestry]
   381 | D:1      | Reached XP level 2. HP: 20/24 MP: 2/2
   505 | D:1      | Reached skill level 2 in Long Blades
   724 | D:1      | Reached XP level 3. HP: 28/29 MP: 3/3
  1761 | D:2      | Reached XP level 4. HP: 35/35 MP: 4/4
  1844 | D:2      | Found an ornate altar of the Wu Jian Council.
  2437 | D:2      | Found a shimmering altar of Xom.
  2652 | D:3      | Found a shattered altar of Ashenzari.
  2890 | D:3      | Reached skill level 1 in Dodging
  3104 | D:3      | Found a runed door.
  3108 | D:3      | Noticed Crazy Yiuf
  3113 | D:3      | Killed Crazy Yiuf
  3113 | D:3      | Gained mutation: You sometimes gain power by taking damage.
                  | [demonic ancestry]
  3113 | D:3      | Reached XP level 5. HP: 22/41 MP: 5/5
  3759 | D:4      | Noticed an ogre
  3766 | D:4      | Killed an ogre
  3766 | D:4      | Reached skill level 3 in Long Blades
  4097 | D:3      | Gained mutation: You have large cloven feet. [demonic
                  | ancestry]
  4097 | D:3      | Reached XP level 6. HP: 10/47 MP: 6/6
  4739 | D:4      | Found a staircase to the Ecumenical Temple.
  4802 | Temple   | Entered the Ecumenical Temple
  5016 | Temple   | Became a worshipper of Nemelex Xobeh the Trickster
  5109 | D:4      | Received a gift from Nemelex Xobeh
  5414 | D:4      | Found a snail-covered altar of Cheibriados.
  5557 | D:4      | Reached skill level 4 in Long Blades
  5622 | D:5      | Entered Level 5 of the Dungeon
  5639 | D:5      | Reached XP level 7. HP: 41/53 MP: 7/7
  5704 | D:5      | Found a glowing drain.
  5759 | Sewer    | Entered a sewer
  6444 | D:5      | Reached * piety under Nemelex Xobeh
  6539 | D:5      | Found a stormy altar of Qazlal.
  6841 | D:5      | Received a gift from Nemelex Xobeh
  7124 | D:6      | Reached skill level 1 in Throwing
  7474 | D:6      | Reached skill level 5 in Long Blades
  7530 | D:6      | Reached XP level 8. HP: 51/60 MP: 8/8
  7629 | D:6      | Found a transporter.
  7631 | D:6      | Found a transporter.
  7647 | D:6      | Found a basalt altar of Yredelemnul.
  7670 | D:6      | Noticed Menkaure
  7672 | D:6      | Found an ancient bone altar of Kikubaaqudgha.
  7764 | D:6      | Received a gift from Nemelex Xobeh
  7971 | D:6      | Killed Menkaure
  7971 | D:6      | Reached skill level 5 in Shields
  7973 | D:6      | Reached skill level 5 in Armour
  8377 | D:7      | Reached skill level 6 in Long Blades
  8589 | D:7      | Killed from afar by an orc priest

Skill      XL: |  1  2  3  4  5  6  7  8 |
---------------+-------------------------+-----
Long Blades    | 2 3 4 5 6 |  6.2
Shields        | 3 4 5 |  5.4
Armour         | 3 4 5 |  5.2
Dodging        | 1 2 3 |  3.0
Throwing       | 1 2 |  2.8
Fighting       | 4 |  4.7
Stealth        | |  0.7
Invocations    | |  0.7

Action                   |  1- 3 |  4- 6 |  7- 9 || total
-------------------------+-------+-------+-------++-------
Melee: Long sword        |   102 |   206 |   315 ||   623
       Kick              |       |    17 |   100 ||   117
Evoke: Deck              |       |       |     6 ||     6
  Use: Scroll            |       |    10 |     8 ||    18
       Potion            |       |       |     2 ||     2
  Eat: Ration            |     1 |     4 |     1 ||     6
       Chunk             |       |     5 |     5 ||    10
Armor: Scale mail        |    53 |    63 |       ||   116
       Ring mail         |       |    29 |   112 ||   141
Dodge: Dodged            |    39 |    82 |   108 ||   229
Block: Shield            |    58 |   133 |   176 ||   367
       Rpst.: Long sword |    14 |    26 |    31 ||    71
